 Dungeon Crawl Stone Soup version 0.31-a0-7-g51783674b7 (webtiles) character file.

Game seed: 2875101655712649999

193 Dittersdorf the Covered (level 5, -6/34 HPs)
             Began as a Gargoyle Fighter on May 5, 2023.
             Killed by divine providence
             ... invoked by an orc priest
              (15 damage)
             ... on level 3 of the Dungeon.
             The game lasted 00:02:43 (2121 turns).

Dittersdorf the Covered (Gargoyle Fighter)          Turns: 2121, Time: 00:02:44

Health: -6/34      AC: 14    Str: 21    XL:     5   Next: 72%
Magic:  5/5        EV:  9    Int:  9    God:
Gold:   123        SH:  4    Dex:  9    Spells: 4/4 levels left

rFire   . . .        a - +0 flail
rCold   . . .        c - +0 buckler
rNeg    + . .        b - +0 scale mail
rPois   ∞            l - +2 helmet {SInv}
rElec   +            (no cloak)
rCorr   .            (no gloves)
SInv    +            (no boots)
Will    .....        (no amulet) Stlth
                     g - ring of wizardry
HPRegen 0.25/turn    (no ring)
MPRegen 0.09/turn

%: wizardry (x1)
@: no status effects
A: sickness immunity, AC +4, negative energy resistance 1, electricity
resistance, torment resistance 1, petrification resistance
a: no special abilities


You were on level 3 of the Dungeon.
You visited 1 branch of the dungeon, and saw 3 of its levels.

You collected 123 gold pieces.

Inventory:

Hand Weapons
 a - a +0 flail (weapon)
Armour
 b - a +0 scale mail (worn)
 c - a +0 buckler (worn)
 l - a +2 helmet of see invisible (worn)
Jewellery
 g - a ring of wizardry (left hand)
Scrolls
 e - a scroll of enchant armour {unknown}
 h - 2 scrolls of identify {unknown}
 i - a scroll of noise {unknown}
 j - a scroll of poison {unknown}
 m - a scroll of torment {unknown}
Potions
 d - a potion of might
 f - 2 potions of heal wounds {unknown}
 k - a potion of flight {unknown}


   Skills:
 + Level 4.3 Fighting
 + Level 3.2 Maces & Flails
 + Level 4.5 Armour
 + Level 4.4 Shields


You had 4 spell levels left.
You didn't know any spells.
Your spell library was empty.

Dungeon Overview and Level Annotations

Branches:
Dungeon (3/15)

Altars:


Innate Abilities, Weirdness & Mutations

You are immune to sickness and miasma.
Your stone body is resilient. (AC +4)
You are immune to poison.
You resist negative energy. (rN+)
You are resistant to electric shocks. (rElec)
You are resistant to unholy torment.
You are immune to petrification.


Message History

The orc closely misses you. You block the orc's attack.
The orc barely misses you. The orc hits you but does no damage.
The rat bites you but does no damage. The orc completely misses you.
The orc barely misses you. x2; The orc hits you with a +0 hand axe.
You closely miss the orc. The rat barely misses you.
The orc closely misses you. The orc barely misses you.
The orc closely misses you. You block the orc's attack.
You hit the orc.
You kill the orc!
The rat bites you but does no damage. The orc closely misses you.
The orc hits you but does no damage. The orc barely misses you.
The orc hits you but does no damage. You block the adder's attack.
You barely miss the adder. The orc hits you with a +0 flail.
The rat bites you but does no damage. The orc hits you but does no damage.
The orc hits you with a +0 hand axe. You block the orc's attack.
The adder bites you but does no damage.
You closely miss the adder. The adder completely misses you.
The orc barely misses you. The rat bites you but does no damage.
The orc hits you but does no damage. x3; You block the orc's attack.
The orc priest invokes the aid of Beogh against you.
Beogh smites you! The orc hits you but does no damage.
You block the adder's attack. The rat bites you but does no damage.
The orc hits you but does no damage. x2; The orc hits you with a +0 club.
* * * LOW HITPOINT WARNING * * *
The orc barely misses you. x2; The orc hits you with a +0 club.
* * * LOW HITPOINT WARNING * * *
You are too injured to fight recklessly!
You are too injured to fight recklessly!
You are too injured to fight recklessly!
You are too injured to fight recklessly!
You are too injured to fight recklessly!
You are too injured to fight recklessly!
You are too injured to fight recklessly!
You are too injured to fight recklessly!
You closely miss the rat. The adder barely misses you.
The orc closely misses you. The rat bites you but does no damage.
The orc barely misses you. You block the orc's attack. x2
The orc priest invokes the aid of Beogh against you.
Beogh smites you!
You die...

.#....# .......
.......## #.
......... ...
........#####.#..
.......o.......^.
......Sor†.......
...!.oo@o<.......
......ooo........
.......r...##.#..
...........# ..
...........# .
#####+#....#
#....# #....#


You could see an orc priest, an adder, 7 orcs and 2 rats.

Vanquished Creatures
  Natasha (thrice) (D:2)
  An orc wizard (D:3)
  Robin (D:1)
  4 dart slugs
  An orc (D:3)
  2 ball pythons
  6 bats
  4 endoplasms
  2 giant cockroaches (D:2)
  18 goblins
  8 hobgoblins
  10 kobolds
  A quokka (D:2)
  3 frilled lizards (D:1)
  8 rats
  2 bushes (D:1)
74 creatures vanquished.

Vanquished Creatures (others)
  6 plants (D:1)
6 creatures vanquished.

Grand Total: 80 creatures vanquished

Notes
Turn   | Place    | Note
-------+----------+-------------------------------------------
     0 | D:1      | Dittersdorf the Gargoyle Fighter began the quest for the
                  | Orb.
     0 | D:1      | Reached XP level 1. HP: 14/14 MP: 1/1
    95 | D:1      | Reached XP level 2. HP: 19/19 MP: 2/2
   340 | D:1      | Reached XP level 3. HP: 18/23 MP: 3/3
  1369 | D:2      | Reached XP level 4. HP: 28/29 MP: 4/4
  1433 | D:2      | Noticed Natasha
  1667 | D:2      | Killed Natasha
  1700 | D:2      | Noticed Natasha
  1712 | D:2      | Killed Natasha
  1736 | D:2      | Noticed Robin
  1795 | D:1      | Killed Robin
  1796 | D:1      | Reached XP level 5. HP: 29/33 MP: 5/5
  1905 | D:2      | Noticed Natasha
  1919 | D:2      | Killed Natasha
  2121 | D:3      | Killed from afar by an orc priest

Illustrated notes

Levels and vault maps discovered:
D:1:      minmay_arrival_checkered_box, layout_loops_ring,
          lexackson_kobold_supper
D:2:      minmay_chambers_of_twos, layout_rooms, uniq_natasha, uniq_robin
D:3:      layout_basic, mainiacjoe_overflow_divided_tiny, serial_shops, shop,
          wad_rectangle_vault

Skill      XL: |  1  2  3  4 |
---------------+-------------+-----
Fighting       | 4 |  4.3
Armour         | 4 |  4.5
Shields        | 4 |  4.4
Maces & Flails | 3 |  3.2

Action                     |  1- 3 |  4- 6 || total
---------------------------+-------+-------++-------
  Melee: Flail             |   261 |   120 ||   381
 Armour: Scale mail        |   113 |   109 ||   222
  Dodge: Dodged            |    96 |    92 ||   188
  Block: Buckler           |    38 |    30 ||    68

Table legend: (Time is in decaauts)
 A = Elapsed time spent in this place.
 B = Non-inter-level travel time spent in this place.
 C = Inter-level travel time spent in this place.
 D = Time resting spent in this place.
 E = Time spent auto-exploring this place.
 F = Levels seen in this place.
 G = Mean time per level.
                   A        B        C        D        E       F      G
               +--------+--------+--------+--------+--------+-----+--------+
         Total |   2251 |   2136 |    115 |    326 |   1020 |   3 |  750.3 |
       Dungeon |   2251 |   2136 |    115 |    326 |   1020 |   3 |  750.3 |
               +--------+--------+--------+--------+--------+-----+--------+

Top non-repeatable levels by time:
     D:1: 1439 daAuts
     D:2: 781 daAuts
     D:3: 31 daAuts
